 Dungeon Crawl Stone Soup version 0.30-a0-989-g0d87f670db (webtiles) character file.

Game seed: 17596757652437120435

1108 112233 the Magician (level 8, -4/44 HPs)
             Began as a Deep Elf Fire Elementalist on Apr 3, 2023.
             Was a Believer of Sif Muna.
             Slain by an ogre
             ... wielding a +0 giant club
              (31 damage)
             ... on level 6 of the Dungeon.
             The game lasted 00:04:58 (5855 turns).

112233 the Magician (Deep Elf Fire Elementalist)    Turns: 5855, Time: 00:04:59

Health: -4/44      AC:  5    Str:  5    XL:     8   Next: 11%
Magic:  17/21      EV: 14    Int: 23    God:    Sif Muna [**....]
Gold:   302        SH:  0    Dex: 15    Spells: 19/22 levels left

rFire   + . .      SeeInvis .    u - +3 halberd (freeze)
rCold   . . .      Faith    .    (shield currently unavailable)
rNeg    . . .      Spirit   .    a - +0 robe
rPois   +          Reflect  .    (no helmet)
rElec   .          Rampage  .    (no cloak)
rCorr   .                        g - +2 pair of gloves
Will    .....                    (no boots)
Stlth   ++                       r - amulet of regeneration
HPRegen 1.07/turn                e - ring of protection from fire
MPRegen 0.17/turn                v - ring of poison resistance

@: attractive, very slightly contaminated
A: no striking features
a: Renounce Religion, Channel Magic


You were on level 6 of the Dungeon.
You worshipped Sif Muna.
Sif Muna was pleased with you.
You visited 1 branch of the dungeon, and saw 6 of its levels.

You collected 302 gold pieces.

Inventory:

Hand Weapons
 d - a +0 hand axe
 u - a +3 halberd of freezing (weapon)
Armour
 a - a +0 robe (worn)
 g - a +2 pair of gloves (worn)
Magical Staves
 n - a staff of death
Jewellery
 e - a ring of protection from fire (left hand)
 r - an amulet of regeneration (around neck)
 v - a ring of poison resistance (right hand)
Scrolls
 f - 5 scrolls of identify {unknown}
 l - 2 scrolls of magic mapping {unknown}
 m - a scroll of poison {unknown}
 p - a scroll of vulnerability
 q - 2 scrolls of immolation {unknown}
 s - a scroll of fog {unknown}
 w - a scroll of amnesia {unknown}
 x - 2 scrolls of teleportation
Potions
 b - a potion of magic
 c - 2 potions of lignification {unknown}
 h - 4 potions of curing
 i - a potion of attraction
 j - a potion of cancellation {unknown}
 k - a potion of heal wounds {unknown}
 o - a potion of ambrosia {unknown}
 t - a potion of experience {unknown}
 z - a potion of mutation {unknown}


   Skills:
 + Level 2.3 Fighting
 + Level 4.4 Dodging
 - Level 2.5 Stealth
 + Level 7.7 Spellcasting
 + Level 3.5 Conjurations
 + Level 6.9 Fire Magic


You had 19 spell levels left.
You knew the following spells:

 Your Spells              Type           Power      Damage    Failure   Level
a - Foxfire               Conj/Fire      100%       2x1d6     1%          1
b - Scorch                Fire           80%        2d9       1%          2

Your spell library contained the following spells:

 Spells                   Type           Power      Damage    Failure   Level
 Inner Flame              Hex/Fire       24%        N/A       5%          3
 Kindle Blastsparks       Fire/Tloc/Air  38%        2d13      9%          3
 Flame Wave               Conj/Fire      32%        2d9       9%          4


Dungeon Overview and Level Annotations

Branches:
Dungeon (6/15)             Temple (0/1) D:5

Altars:
Fedhas
Kikubaaqudgha
Qazlal
Sif Muna
Trog
Uskayaw
Vehumet

Shops:
D:1 (((*

Annotations:
D:1 exclusion: downstairs
D:5 Prince Ribbit
D:6 exclusions: statue and upstairs


Message History

Unknown command.
Unknown command.
The foxfire hits the orc.
The orc is heavily wounded.
Casting: Foxfire (safe; 1% risk of failure)
Confirm with . or Enter, or press ? or * to list all spells.
You conjure some foxfire!
The foxfire hits the orc.
The orc is severely wounded.
The foxfire hits the orc.
You kill the orc!
Sif Muna accepts your kill.
Unknown command.
Casting: Foxfire (safe; 1% risk of failure)
Confirm with . or Enter, or press ? or * to list all spells.
Flames lash the orc wizard.
The orc wizard is heavily wounded.
The orc wizard's fire resistance burns away.
An orc comes into view. It is wielding a +2 mace of holy wrath.
The ogre hits you with a +0 giant club!!
Ouch! That really hurt!
Unknown command.
Unknown command.
Unknown command.
The orc wizard points at you and mumbles some strange words.
The puff of flame misses you.
Unknown command.
Unknown command.
It was a potion of attraction.
You feel attractive to monsters. Something is attracted toward you.
Unknown command.
Casting: Scorch (safe; 1% risk of failure)
Confirm with . or Enter, or press ? or * to list all spells.
You miscast Scorch.
You are very lightly contaminated with residual magic.
Nothing appears to happen.
The orc wizard is no longer more vulnerable to fire.
The ogre hits you with a +0 giant club!!
Ouch! That really hurt!
You die...

## #.# #
o.#.. .#
###.#.###.###
.........<..
#{#.....#
#..o.#####.
###.ยง......
####..######
#.@Oo.....#
####..###...
#..# # #..#
#..#
#..######
####........
#......#####
#.##........


You could see an ogre and an orc wizard.

Vanquished Creatures
  A water moccasin (D:5)
  A black bear (D:4)
  An ice beast (D:6)
  An ogre (D:5)
  3 bullfrogs
  A vampire bat (D:5)
  2 howler monkeys (D:5)
  An orc priest (D:3)
  2 hounds
  A sleepcap (D:4)
  2 orc wizards
  8 gnolls (D:2)
  8 adders
  2 worms
  5 dart slugs
  14 orcs
  10 ball pythons
  2 bat skeletons (D:5)
  4 bat zombies (D:5)
  5 endoplasms
  A giant cockroach (D:2)
  A goblin (D:1)
  9 hobgoblins
  2 jackals (D:2)
  12 kobolds
  4 quokkas
  3 bats
  2 frilled lizards
  A rat (D:2)
109 creatures vanquished.

Vanquished Creatures (others)
  336 foxfires
  A plant (D:2)
337 creatures vanquished.

Grand Total: 446 creatures vanquished

Notes
Turn   | Place    | Note
-------+----------+-------------------------------------------
     0 | D:1      | 112233 the Deep Elf Fire Elementalist began the quest for
                  | the Orb.
     0 | D:1      | Reached XP level 1. HP: 10/10 MP: 6/6
   314 | D:1      | Reached XP level 2. HP: 15/15 MP: 5/8
   468 | D:1      | Found Xiosum's General Store.
   484 | D:1      | Found Iklomywud's Antique Weapon Shoppe.
   686 | D:1      | Found Vosytar's Antique Weapon Boutique.
   830 | D:1      | Found Dosohy's Weapon Boutique.
  1013 | D:1      | Learned a level 2 spell: Scorch
  1396 | D:3      | Reached skill level 4 in Spellcasting
  1396 | D:3      | Reached XP level 3. HP: 13/19 MP: 5/10
  1704 | D:4      | Found a shimmering blue altar of Sif Muna.
  1704 | D:4      | Found a bloodstained altar of Trog.
  1713 | D:4      | Found a blossoming altar of Fedhas.
  1722 | D:4      | Reached XP level 4. HP: 24/24 MP: 7/12
  1732 | D:4      | Became a worshipper of Sif Muna the Loreminder
  1897 | D:4      | Found a hide-covered altar of Uskayaw.
  1931 | D:4      | Reached skill level 5 in Spellcasting
  2218 | D:3      | Reached skill level 5 in Fire Magic
  2218 | D:3      | Reached XP level 5. HP: 28/28 MP: 11/14
  3075 | D:2      | Reached * piety under Sif Muna
  3076 | D:2      | Reached skill level 6 in Spellcasting
  3522 | D:2      | Reached XP level 6. HP: 32/32 MP: 15/17
  3800 | D:2      | Found a faded altar of an unknown god.
  4343 | D:3      | Found a stormy altar of Qazlal.
  4858 | D:5      | Entered Level 5 of the Dungeon
  4970 | D:5      | Reached skill level 1 in Fighting
  4970 | D:5      | Reached XP level 7. HP: 38/38 MP: 15/19
  5220 | D:5      | Reached skill level 7 in Spellcasting
  5341 | D:5      | Found an ancient bone altar of Kikubaaqudgha.
  5455 | D:5      | Found a staircase to the Ecumenical Temple.
  5512 | D:5      | Noticed Prince Ribbit
  5599 | D:6      | Reached ** piety under Sif Muna
  5693 | D:6      | Identified the +6 scale mail "Dyiq" {Will+ rCorr Str+3}
  5701 | D:6      | Reached XP level 8. HP: 44/44 MP: 16/21
  5791 | D:6      | Found a radiant altar of Vehumet.
  5855 | D:6      | Slain by an ogre

Illustrated notes

Levels and vault maps discovered:
D:1:      dpeg_arrival_ternary, layout_basic, serial_shops,
          nicolae_lakefront_shop, nicolae_shop_behind_doors, shop,
          nicolae_shop_behind_doors
D:2:      layout_basic, dreamdust_ecumenical_altar_hidden_monk_grotto,
          minmay_cupped
D:3:      layout_basic, nicolae_qazlal_scattered_showers, roderic_roman_lattice,
          kennysheep_nub, dk_vineyard_3, st_stairs_2,
          hangedman_abyss_or_decor_lesser_grid, chequers_jeans
D:4:      layout_gridville, amcnicky_altar_gilded,
          gammafunk_temple_overflow_claw, st_stairs_8, hangedman_decor_push
D:5:      layout_gridville, kennysheep_vampire_church, minmay_temple_entry_tees,
          minmay_shop_enchanted_jewellery, serial_park_tiny_1, uniq_grinder,
          uniq_prince_ribbit1
D:6:      layout_basic, vehumet_statue

Skill      XL: |  1  2  3  4  5  6  7 |
---------------+----------------------+-----
Spellcasting   | 4 5 6 7 |  7.7
Fire Magic     | 4 5 6 |  6.9
Dodging        | 3 4 |  4.4
Fighting       | 1 2 |  2.3
Conjurations   | 2 3 |  3.5
Stealth        | |  2.5

Action                     |  1- 3 |  4- 6 |  7- 9 || total
---------------------------+-------+-------+-------++-------
  Melee: Halberd           |       |       |     8 ||     8
   Cast: Foxfire           |    67 |   109 |    30 ||   206
         Scorch            |       |    37 |    27 ||    64
    Use: Potion            |       |     1 |     2 ||     3
         Scroll            |       |       |     3 ||     3
 Armour: Robe              |       |     7 |    10 ||    17
  Dodge: Dodged            |     3 |    33 |    74 ||   110

Table legend: (Time is in decaauts)
 A = Elapsed time spent in this place.
 B = Non-inter-level travel time spent in this place.
 C = Inter-level travel time spent in this place.
 D = Time resting spent in this place.
 E = Time spent auto-exploring this place.
 F = Levels seen in this place.
 G = Mean time per level.
                   A        B        C        D        E       F      G
               +--------+--------+--------+--------+--------+-----+--------+
         Total |   5860 |   5602 |    258 |    428 |   4302 |   6 |  976.7 |
       Dungeon |   5860 |   5602 |    258 |    428 |   4302 |   6 |  976.7 |
               +--------+--------+--------+--------+--------+-----+--------+

Top non-repeatable levels by time:
     D:2: 1452 daAuts
     D:3: 1233 daAuts
     D:4: 1154 daAuts
     D:1: 1020 daAuts
     D:5: 665 daAuts
     D:6: 334 daAuts
